 Dungeon Crawl Stone Soup version 0.30-a0-178-g4db885d750 (webtiles) character file.

Game seed: 17008725627396350427

548 Aibolit the Shooter (level 7, -3/54 HPs)
             Began as a Human Hunter on Oct 3, 2022.
             Killed from afar by an orc wizard (10 damage)
             ... with a puff of flame
             ... on level 5 of the Dungeon.
             The game lasted 00:06:55 (3349 turns).

Aibolit the Shooter (Human Hunter)                  Turns: 3349, Time: 00:06:56

Health: -3/54      AC:  4    Str: 12    XL:     7   Next: 53%
Magic:  7/7        EV: 13    Int:  9    God:
Gold:   142        SH:  0    Dex: 18    Spells: 6/6 levels left

rFire   x . .      SeeInvis .    a - +1 shortbow (elec)
rCold   + . .      Faith    .    (shield currently unavailable)
rNeg    . . .      Spirit   .    c - +0 leather armour
rPois   .          Reflect  .    (no helmet)
rElec   .          Harm     .    k - +0 cloak
rCorr   .          Rampage  .    (no gloves)
Will    .....                    (no boots)
Stlth   +++.......               (no amulet)
HPRegen 0.29/turn                s - ring of ice
MPRegen 0.10/turn                (no ring)

@: about to teleport
A: no striking features
a: no special abilities


You were on level 5 of the Dungeon.
You visited 1 branch of the dungeon, and saw 5 of its levels.

You collected 142 gold pieces.

Inventory:

Hand Weapons
 a - a +1 shortbow of electrocution (weapon)
Armour
 c - a +0 leather armour (worn)
 k - a +0 cloak (worn)
Jewellery
 s - a ring of ice (left hand)
Wands
 h - a wand of mindburst (4)
Scrolls
 b - a scroll of immolation
 d - 2 scrolls of noise
 o - a scroll of teleportation
Potions
 e - a potion of flight {unknown}
 f - 2 potions of heal wounds {unknown}
 g - 2 potions of curing
 i - a potion of mutation {unknown}
 j - 2 potions of degeneration
 l - a potion of lignification {unknown}


   Skills:
 + Level 4.2 Fighting
 + Level 5.4 Ranged Weapons
 + Level 4.1 Dodging
 + Level 4.0 Stealth


You had 6 spell levels left.
You didn't know any spells.
Your spell library contained the following spells:

 Spells                   Type           Power      Damage    Failure   Level
 Slow                     Hex            0%         N/A       45%         1
 Sting                    Tmut/Pois      0%         1d3       45%         1
 Ensorcelled Hibernation  Hex/Ice        0%         N/A       61%         2
 Passwall                 Tmut/Erth      0%         N/A       61%         2
 Poisonous Vapours        Pois/Air       0%         N/A       61%         2
 Confusing Touch          Hex            0%         N/A       83%         3
 Swiftness                Air            0%         N/A       83%         3
 Vampiric Draining        Necr           0%         2d6       83%         3
 Olgreb's Toxic Radiance  Pois           0%         N/A       99%         4
 Fireball                 Conj/Fire      0%         3d3       100%        5
 Iskenderun's Battlesphe  Conj           0%         2d6       100%        5
 Conjure Ball Lightning   Conj/Air       0%         3x3d6     100%        6
 Orb of Destruction       Conj           0%         9d5       100%        7


Dungeon Overview and Level Annotations

Branches:
Dungeon (5/15)
 Temple: D:4-7

Altars:
Vehumet


Message History

You are too injured to fight recklessly!
You are too injured to fight recklessly!
You are too injured to fight recklessly!
The orc closely misses your butterfly.
You hear some strange, mumbled words.
Your butterfly resists with significant effort.
A magic dart appears from out of thin air!
The magic dart hits you.
You are too injured to fight recklessly!
Something closely misses your butterfly.
You are too injured to fight recklessly!
You are too injured to fight recklessly!
Something hits your butterfly.
Your butterfly dies!
Your butterfly disappears in a burst of colours!
The orc misses your butterfly.
You start resting.
There are monsters nearby!
As you read the scroll of teleportation, it crumbles to dust.
You feel strangely unstable.
Your butterfly disappears in a burst of colours!
The orc hits your butterfly with a +0 club.
Your butterfly dies!
Your butterfly disappears in a burst of colours!
You shoot an arrow.
The orc priest begins to cast a cantrip, but forgets the words!
The orc completely misses you.
You hear some strange, mumbled words.
A puff of flame appears from out of thin air!
The puff of flame hits you! The fire burns you terribly!
* * * LOW HITPOINT WARNING * * *
The orc priest looks braver for a moment.
Something hits you.
* * * LOW HITPOINT WARNING * * *
The orc hits you with a +0 club.
* * * LOW HITPOINT WARNING * * *
You hear some strange, mumbled words.
A puff of flame appears from out of thin air!
The puff of flame hits you! The fire burns you terribly!
You die...

####### ########
#.....# #.{@o..#
#.....# #...o..#
###.....#
#......#
####.......#
#...bb.#
..##.#'#####
#......#####
#........#
#..........#####
...#.....#
#...............
.........#
#...............
)##....###
#...............


You could see an orc priest (ally target) and an orc.

Vanquished Creatures
  A black bear (D:3)
  2 scorpions (D:5)
  A hound (D:5)
  2 orc priests (D:5)
  Natasha (thrice) (D:2)
  An iguana (D:4)
  4 gnolls (D:3)
  3 adders
  An ufetubus (D:5)
  A worm (D:4)
  3 dart slugs
  4 orcs (D:5)
  2 bats
  7 endoplasms
  A giant cockroach (D:1)
  5 goblins
  9 hobgoblins
  7 jackals
  5 kobolds
  2 quokkas
  10 ball pythons
  2 frilled lizards
  4 rats
80 creatures vanquished.

Vanquished Creatures (others)
  A plant (D:3)
1 creature vanquished.

Grand Total: 81 creatures vanquished

Notes
Turn   | Place    | Note
-------+----------+-------------------------------------------
     0 | D:1      | Aibolit the Human Hunter began the quest for the Orb.
     0 | D:1      | Reached XP level 1. HP: 16/16 MP: 1/1
   125 | D:1      | Reached XP level 2. HP: 22/22 MP: 2/2
   452 | D:1      | Reached XP level 3. HP: 28/28 MP: 3/3
   774 | D:2      | Noticed Natasha
   777 | D:2      | Killed Natasha
   778 | D:2      | Reached XP level 4. HP: 34/34 MP: 4/4
   867 | D:2      | Found a faded altar of an unknown god.
   867 | D:2      | Noticed a tormentor
   934 | D:2      | Noticed Natasha
   937 | D:2      | Killed Natasha
   977 | D:2      | Noticed Natasha
   982 | D:2      | Killed Natasha
   983 | D:2      | Reached XP level 5. HP: 30/41 MP: 5/5
  1437 | D:3      | Noticed a black bear
  1440 | D:3      | Killed a black bear
  1441 | D:3      | Reached XP level 6. HP: 47/47 MP: 6/6
  1508 | D:3      | Reached skill level 5 in Ranged Weapons
  1738 | D:3      | Found a radiant altar of Vehumet.
  2863 | D:5      | Entered Level 5 of the Dungeon
  2872 | D:5      | Reached XP level 7. HP: 53/53 MP: 7/7
  3349 | D:5      | Killed from afar by an orc wizard

Illustrated notes

Levels and vault maps discovered:
D:1:      sevenhm_arrival_forest_fort_small_4, layout_basic,
          minmay_shallow_snake_nest
D:2:      layout_basic, dreamdust_ecumenical_altar_sealed_demon, minivault_25,
          chequers_serial_rivers_small_a, minmay_misc_feat_enclosed,
          uniq_natasha
D:3:      layout_basic, lemuel_crystal_altar, serial_bayou_pond_a,
          corexii_corridor_pit
D:4:      layout_cave_pools, nicolae_elevator_lobby_plus
D:5:      gammafunk_steamed_eel, layout_basic, slow_altar_2

Skill      XL: |  1  2  3  4  5  6  7 |
---------------+----------------------+-----
Stealth        | 2 3 4 |  4.0
Fighting       | 3 4 |  4.2
Dodging        | 3 4 |  4.1
Ranged Weapons | 5 |  5.4

Action                   |  1- 3 |  4- 6 |  7- 9 || total
-------------------------+-------+-------+-------++-------
 Fire: Shortbow          |    53 |   126 |    41 ||   220
  Use: Scroll            |       |    11 |     3 ||    14
       Potion            |       |       |     3 ||     3
Armor: Leather armour    |     9 |    18 |    10 ||    37
Dodge: Dodged            |    31 |    61 |    15 ||   107

Table legend: (Time is in decaauts)
 A = Elapsed time spent in this place.
 B = Non-inter-level travel time spent in this place.
 C = Inter-level travel time spent in this place.
 D = Time resting spent in this place.
 E = Time spent auto-exploring this place.
 F = Levels seen in this place.
 G = Mean time per level.
                   A        B        C        D        E       F      G
               +--------+--------+--------+--------+--------+-----+--------+
         Total |   3421 |   3054 |    367 |    413 |   2060 |   5 |  684.2 |
       Dungeon |   3421 |   3054 |    367 |    413 |   2060 |   5 |  684.2 |
               +--------+--------+--------+--------+--------+-----+--------+

Top non-repeatable levels by time:
     D:3: 807 daAuts
     D:1: 736 daAuts
     D:2: 728 daAuts
     D:4: 651 daAuts
     D:5: 498 daAuts
